 Dungeon Crawl Stone Soup version 0.29-a0-1027-gcd8c55af63 (webtiles) character file.

Game seed: 17183205181327552482

140723 RBrandon the Black Belt (level 16, -13/166 HPs)
             Began as a Demigod Transmuter on Aug 12, 2022.
             Killed from afar by Nikola (31 damage)
             ... with an arc of chain lightning
             ... on level 3 of the Swamp.
             The game lasted 01:18:24 (38132 turns).

RBrandon the Black Belt (Demigod Transmuter)       Turns: 38132, Time: 01:18:24

Health: -13/166    AC: 17    Str: 11    XL:     16   Next: 25%
Magic:  29/34      EV: 19    Int: 19    God:
Gold:   2621       SH:  0    Dex: 30    Spells: 1/34 levels left

rFire   x . .      SeeInvis .     - Unarmed
rCold   + + +      Faith    .   (shield currently unavailable)
rNeg    . . .      Spirit   .   (body armour currently unavailable)
rPois   +          Reflect  .   (helmet currently unavailable)
rElec   .          Harm     .   (cloak currently unavailable)
rCorr   .          Rampage  .   (gloves currently unavailable)
Will    +....                   (boots currently unavailable)
Stlth   ++........              Y - amulet of magic regeneration
HPRegen 0.37/turn               s - +4 ring of protection
MPRegen 0.64/turn               v - +4 ring of protection

@: ice-form, wereblooded, studying Polearms
A: freezing attack, amphibious, boosted hp, large, high MP 1, forlorn, divine
attributes
a: End Transformation


You were on level 3 of the Swamp.
You were a creature of crystalline ice.
You visited 4 branches of the dungeon, and saw 25 of its levels.
You visited the Abyss 1 time.
You also visited: Sewer and Ice Cave.

You collected 2986 gold pieces.
You spent 365 gold pieces at shops.

Inventory:

Missiles
 n - 2 datura-tipped darts
 M - a throwing net
Armour
 f - a +2 pair of gloves (melded)
 t - a +1 leather armour of fire resistance
   (You took it off an orc on level 4 of the Dungeon)
 E - a +2 cloak (melded)
 N - the +4 skin of Zhor (melded) {*Englaciate rC+++ SInv}
   (You found it in an ice cave)

   It radiates cold, occasionally slowing all nearby creatures who are not
   resistant to cold.
   rC:        It renders you almost immune to cold.
   SInv:      It lets you see invisible.
 U - a +0 helmet (melded)
 V - a scarf of resistance
   (You found it on level 4 of the Lair of Beasts)
Jewellery
 o - a +4 ring of evasion
 p - an amulet of reflection
 r - a ring of see invisible
 s - a +4 ring of protection (left front paw)
 v - a +4 ring of protection (right front paw)
 F - a ring of resist corrosion
 G - a ring of magical power
 J - a ring of protection from fire
 R - the ring of the Shining Light {rC+ Str+5 Dex+3}
   (You found it in an ice cave)

   [ring of protection from cold]

   Str:       It affects your strength (+5).
   Dex:       It affects your dexterity (+3).
   rC:        It protects you from cold.
 W - a ring of protection from fire
 X - a ring of poison resistance
 Y - an amulet of magic regeneration (around neck)
Wands
 b - a wand of polymorph (11)
 i - a wand of paralysis (21)
 m - a wand of flame (26)
 q - a wand of digging (5)
 H - a wand of roots (9)
 P - a wand of light (4)
 T - a wand of mindburst (18)
Scrolls
 d - a scroll of blinking
 e - 3 scrolls of teleportation
 g - 3 scrolls of immolation
 h - 3 scrolls of amnesia
 k - 10 scrolls of vulnerability
 l - 5 scrolls of identify
 w - 5 scrolls of summoning
 x - 6 scrolls of butterflies
 y - 5 scrolls of poison
 K - a scroll of enchant weapon
 O - a scroll of torment
 S - 3 scrolls of fear
Potions
 c - 11 potions of curing
 j - 8 potions of flight
 u - 5 potions of brilliance
 A - 6 potions of might
 B - 3 potions of invisibility
 C - 5 potions of attraction
 D - 4 potions of mutation
 Q - a potion of berserk rage
Miscellaneous
 a - a phantom mirror (inert)
 z - a box of beasts (inert)
 I - a phial of floods
 L - a piece from Xom's chessboard (15/15)
 Z - a piece from Xom's chessboard (15/15)


   Skills:
 - Level 11.7 Fighting
 - Level 9.6 Dodging
 - Level 15.0 Unarmed Combat
 - Level 9.9 Spellcasting
 - Level 4.0 Conjurations
 - Level 5.0 Translocations
 + Level 12.6 Transmutations
 - Level 3.1 Ice Magic
 - Level 8.1 Air Magic
 - Level 2.6 Earth Magic
 - Level 1.3 Poison Magic


You had one spell level left.
You knew the following spells:

 Your Spells              Type           Power      Damage    Failure   Level
a - Manifold Assault      Tloc           28%        N/A       26%         5
b - Wereblood             Tmut           55%        N/A       1%          2
c - Storm Form            Tmut/Air       24%        N/A       65%         7
d - Ice Form              Ice/Tmut       39%        N/A       3%          4
e - Petrify               Tmut/Erth      38%        N/A       3%          4
f - Irradiate             Conj/Tmut      20%        3d18      7%          5
g - Blink                 Tloc           56%        N/A       1%          2
h - Passage of Golubria   Tloc           28%        N/A       10%         4

Your spell library contained the following spells:

 Spells                   Type           Power      Damage    Failure   Level
 Beastly Appendage        Tmut           100%       N/A       1%          1
 Magic Dart               Conj           96%        1d7       1%          1
 Necrotise                Necr           36%        1d5       8%          1
 Spider Form              Tmut/Pois      35%        N/A       1%          3
 Searing Ray              Conj           48%        2d6       2%          2
 Ignite Poison            Fire/Tmut/Pois 27%        N/A       3%          3
 Conjure Flame            Conj/Fire      17%        6-21      10%         3
 Sublimation of Blood     Necr           9%         N/A       12%         2
 Yara's Violent Unravell  Hex/Tmut       16%        3d8       16%         5
 Tukima's Dance           Hex            9%         N/A       22%         3
 Fulminant Prism          Conj/Hex       8%         3d7       32%         4
 Sticky Flame             Conj/Fire      17%        2d4       32%         4
 Dispel Undead            Necr           9%         3d8       58%         4
 Dispersal                Tloc           14%        N/A       82%         6
 Simulacrum               Ice/Necr       7%         N/A       99%         6
 Disjunction              Tloc           14%        N/A       100%        8
 Death's Door             Necr           4%         N/A       100%        9


Dungeon Overview and Level Annotations

Branches:
Dungeon (15/15)            Temple (0/1) D:6            Lair (5/5) D:9
  Swamp (3/4) Lair:2        Snake (0/4) Lair:2        Slime (0/5) Lair:4
    Orc (2/2) D:9             Elf (0/3) Orc:2        Vaults (0/5) D:13
 Depths (0/4) D:15          Sewer (visited)           IceCv (visited)

Shops:
D:3 =   D:4 =   D:9 ?   Orc:2 ?!:?

Annotations:
D:3 1 runed translucent door, Crazy Yiuf
D:5 1 runed translucent door, bchevrier's ghost, novice GnWn
D:7 3 runed translucent doors, exclusion: cyclops, flotson's ghost, weakling DsDe
D:9 2 transporters
Lair:4 exclusion: oklob plant
Lair:5 2 transporters, Pooter's ghost, journeyman MiMo
Swamp:3 Nikola


Innate Abilities, Weirdness & Mutations

You are a creature of crystalline ice.
You have a powerful freezing melee attack.
You are amphibious.
Your maximum health is increased.
Your armour is entirely melded.
You are incapable of wielding weapons or throwing items.
You have an increased reservoir of magic. (+10% MP)
You shall have no god before yourself.
Your divine heritage dramatically boosts your attributes as you level up.


Message History

The swamp worm bites you but does no damage.
You pummel the swamp worm!! You freeze the swamp worm!
You feel a bit better.
You kill the swamp worm!
You howl as the wereblood boils in your veins!
The swamp worm bites you.
* * * LOW HITPOINT WARNING * * *
You punch the swamp worm! You freeze the swamp worm!
The swamp worm is severely wounded.
You hear a bellow!
The swamp worm bites you!
* * * LOW HITPOINT WARNING * * *
An alligator comes into view.
You punch the swamp worm! You freeze the swamp worm.
You feel a bit better.
You kill the swamp worm!
You hear a bellow!
Casting: Wereblood (safe; 1% risk of failure)
Confirm with . or Enter, or press ? or * to list all spells.
Aiming: Petrify (mildly dangerous; 3% risk of failure)
Press: ? - help, Shift-Dir - straight line, f - alligator
Aim: an alligator (chance to affect: 48%)
The alligator resists with some effort.
You hear a bellow!
Casting: Petrify (mildly dangerous; 3% risk of failure)
Confirm with . or Enter, or press ? or * to list all spells.
Aiming: Petrify (mildly dangerous; 3% risk of failure)
Press: ? - help, Shift-Dir - straight line, f/p - alligator
Aim: an alligator (chance to affect: 48%)
The alligator is moving more slowly.
You hear a bellow!
The alligator puts on a burst of speed!
You hear a bellow! x2
You hear a bellow! x2
You hear a bellow!
A spriggan druid comes into view. It is wielding a +0 quarterstaff.
You hear a bellow!
Nikola shouts!
The alligator stops moving altogether!
Nikola mumbles some strange words.
Lightning arcs from Nikola's hands!
The bolt of lightning hits you!!
You die...

♣.. .~~~~.~~~.~
~~~~~ ♣.~~~~~~~.
[~~~~♣♣.~~~~~~~♣
♣~§~.♣§.~~~.~~~♣
♣...~..~~~~.♣
♣?~~~~t~~~§.♣
♣(~~~†~~~~†♣♣
♣♣...~~~~~~♣
♣~.~Y~~~~.♣
♣~~>~~~~~~~..i.
♣~~~~~~~~~§§..~
♣♣~..~~~~~~~...
♣.♣..~~~§~~.~♣♣
♣~.~..<~.~~~.♣♣
♣ ~♣.~~..~§....
.~♣@§~~~§~.~~~


You could see Nikola, an alligator (swift, petrified) and a spriggan druid.

Vanquished Creatures
  Saint Roka (Orc:2)
  A bone dragon (Abyss:3)
  2 tentacled monstrosities (Swamp:2)
  A thorn hunter (Swamp:3)
  2 tentacled starspawn (Abyss:3)
  A fenstrider witch (Swamp:2)
  An orc warlord (Orc:2)
  An ironbound preserver (D:13)
  3 eleionomae
  4 bunyips
  A white draconian (IceCv)
  An ettin (D:15)
  Snorg (Lair:5)
  A ghost crab (Swamp:3)
  A boulder beetle (Lair:1)
  13 hydras
  An ogre mage (D:15)
  5 centaur warriors
  11 two-headed ogres
  Erica (D:8)
  9 alligators
  A deep troll shaman (Lair:5)
  3 catoblepae
  8 death yaks
  5 orc high priests (Orc:2)
  2 tengu warriors (D:15)
  3 spriggans
  Urug (Orc:2)
  4 skeletal warriors (D:15)
  A wretched star (Abyss:3)
  A spriggan druid (Swamp:3)
  Lodul (D:10)
  A deep troll (D:15)
  4 goliath frogs
  A wizard (D:15)
  3 bog bodies (Swamp:1)
  Pikel (D:7)
  4 swamp dragons
  5 orc knights
  A necromancer (D:15)
  A will-o-the-wisp (Swamp:1)
  11 ugly things
  4 orc sorcerers (Orc:2)
  A cyclops (D:15)
  2 manticores
  22 elephants
  3 black mambas
  2 ice statues (IceCv)
  A gargoyle (D:12)
  16 cane toads
  2 torpor snails
  A smoke demon (Abyss:3)
  4 large abominations (Abyss:3)
  Psyche (D:10)
  2 kobold demonologists
  8 rime drakes
  2 efreet (D:14)
  18 komodo dragons
  A hellwing (Abyss:3)
  2 tengu conjurers
  4 yaktaurs (D:15)
  5 trolls
  2 polar bears (Lair:5)
  5 hornets
  3 tyrant leeches
  3 raiju (Abyss:3)
  Prince Ribbit (D:8)
  4 blink frogs (Lair:5)
  4 dream sheep (Lair:4)
  A vampire (D:13)
  17 slime creatures
  2 water elementals (D:15)
  61 yaks
  A shadow (D:12)
  2 wyverns (D:9)
  4 wraiths
  4 basilisks
  11 vampire mosquitoes
  A steam dragon (D:9)
  11 swamp worms
  2 nagas (Lair:2)
  4 wargs
  15 water moccasins
  43 orc warriors
  4 ice beasts
  A sky beast (D:7)
  4 black bears
  6 starcursed masses (Abyss:3)
  21 ogres
  5 wolves (Lair:5)
  4 lemures (D:7)
  12 centaurs
  A phantom (D:4)
  A kobold brigand (D:11)
  11 bullfrogs
  2 necrophages
  9 scorpions
  5 wights (D:9)
  A gnoll sergeant (D:10)
  15 killer bees
  4 lindwurm simulacra (IceCv)
  14 howler monkeys
  An electric eel (Lair:1)
  7 komodo dragon simulacra (IceCv)
  A hound (D:5)
  26 orc priests
  A gnoll bouda (D:10)
  An iguana (D:6)
  3 jellies
  Ijyb (D:3)
  Natasha (thrice) (D:4)
  15 orc wizards
  3 small abominations (Abyss:3)
  18 adders
  9 gnolls
  6 river rats
  5 acid dragon simulacra (IceCv)
  3 white imps
  3 ufetubi
  5 steam dragon simulacra (IceCv)
  7 worms
  2 dart slugs (D:1)
  93 orcs
  11 endoplasms
  4 giant cockroaches (Sewer)
  3 hobgoblins
  12 jackals
  5 quokkas
  9 ball pythons
  11 bats
  5 frilled lizards
  4 goblins
  10 kobolds
  11 rats
  A briar patch (Swamp:3)
  A starspawn tentacle (Abyss:3)
846 creatures vanquished.

Vanquished Creatures (collateral kills)
  A cyclops (D:11)
  A manticore (D:11)
2 creatures vanquished.

Vanquished Creatures (others)
  2 bloated husks
  A steam dragon (D:9)
  An orc priest (Orc:2)
  An orc (Orc:1)
  8 briar patches (Swamp:3)
  10 foxfires (Swamp:1)
  50 fungi
  A lurking horror (Abyss:3)
  127 plants
  11 starspawn tentacles (Abyss:3)
  5 toadstools (D:1)
217 creatures vanquished.

Grand Total: 1065 creatures vanquished

Notes
Turn   | Place    | Note
-------+----------+-------------------------------------------
     0 | D:1      | RBrandon the Demigod Transmuter began the quest for the
                  | Orb.
     0 | D:1      | Reached XP level 1. HP: 15/15 MP: 5/5
   678 | D:1      | Reached XP level 2. HP: 22/22 MP: 5/7
  1209 | D:2      | Learned a level 2 spell: Wereblood
  1337 | D:2      | Reached XP level 3. HP: 27/27 MP: 5/8
  2268 | D:3      | Found Onaozoxt's Jewellery Emporium.
  2319 | D:3      | Noticed Ijyb
  2326 | D:3      | Reached XP level 4. HP: 34/34 MP: 9/9
  2337 | D:3      | Killed Ijyb
  2342 | D:3      | Learned a level 3 spell: Spider Form
  2512 | D:3      | Found a runed translucent door.
  2513 | D:3      | Noticed Crazy Yiuf
  2857 | D:4      | Noticed Natasha
  2961 | D:4      | Killed Natasha
  2962 | D:4      | Reached skill level 1 in Poison Magic
  3169 | D:4      | Reached XP level 5. HP: 20/39 MP: 10/10
  3364 | D:4      | Reached skill level 5 in Transmutations
  3518 | D:4      | Noticed a black bear
  3535 | D:4      | Killed a black bear
  3536 | D:4      | Reached XP level 6. HP: 25/46 MP: 11/11
  3723 | D:4      | Noticed Natasha
  3861 | D:4      | Killed Natasha
  4226 | D:4      | Noticed Natasha
  4235 | D:4      | Killed Natasha
  4364 | D:4      | Found Ibraoz's Jewellery Boutique.
  4810 | D:5      | Entered Level 5 of the Dungeon
  4881 | D:5      | Reached XP level 7. HP: 42/51 MP: 12/12
  4985 | D:5      | Reached skill level 3 in Unarmed Combat
  5034 | D:5      | Reached skill level 4 in Unarmed Combat
  5212 | D:5      | Noticed bchevrier's ghost (novice GnWn)
  5247 | D:5      | Found a runed translucent door.
  5329 | D:5      | Reached skill level 5 in Unarmed Combat
  5641 | D:6      | Reached XP level 8. HP: 49/58 MP: 13/13
  5817 | D:6      | Reached skill level 6 in Unarmed Combat
  5930 | D:6      | Reached skill level 5 in Dodging
  5981 | D:6      | Learned a level 4 spell: Ice Form
  6067 | D:6      | Found a glowing drain.
  6084 | Sewer    | Entered a sewer
  6747 | D:6      | Reached skill level 1 in Fighting
  6866 | D:6      | Found a staircase to the Ecumenical Temple.
  7185 | D:7      | Noticed a cyclops
  7213 | D:7      | Noticed Pikel
  7251 | D:7      | Killed Pikel
  7252 | D:7      | Reached skill level 7 in Unarmed Combat
  7252 | D:7      | Reached XP level 9. HP: 56/70 MP: 14/14
  7347 | D:7      | Reached skill level 1 in Ice Magic
  7840 | D:7      | Found a runed translucent gate.
  7840 | D:7      | Found a runed translucent gate.
  7842 | D:7      | Found a runed translucent gate.
  7843 | D:7      | Noticed flotson's ghost (weakling DsDe)
  8241 | D:8      | Noticed Prince Ribbit
  8267 | D:8      | Killed Prince Ribbit
  9334 | D:8      | Noticed Erica
  9351 | D:8      | Killed Erica
  9352 | D:8      | Reached skill level 8 in Unarmed Combat
  9535 | D:9      | Reached XP level 10. HP: 64/77 MP: 15/15
  9846 | D:9      | Found a staircase to the Orcish Mines.
  9848 | D:9      | Reached skill level 9 in Unarmed Combat
  9996 | D:9      | Noticed a centaur warrior
  9999 | D:9      | Reached skill level 10 in Unarmed Combat
 10002 | D:9      | Killed a centaur warrior
 10012 | D:9      | Found a staircase to the Lair.
 10030 | D:9      | Reached skill level 11 in Unarmed Combat
 10334 | D:9      | You fall into a shaft and drop 3 floors!
 10536 | D:12     | Noticed a two-headed ogre
 10546 | D:12     | Killed a two-headed ogre
 10635 | D:11     | Noticed a cyclops
 10635 | D:11     | Noticed a manticore
 10640 | D:11     | Killed a cyclops
 10641 | D:11     | Reached XP level 11. HP: 82/82 MP: 17/17
 10682 | D:10     | Entered Level 10 of the Dungeon
 10682 | D:10     | Noticed Lodul
 10874 | D:11     | Noticed a two-headed ogre
 10900 | D:11     | Killed a two-headed ogre
 11447 | D:9      | Noticed a rakshasa
 11451 | D:9      | Noticed a wizard
 11475 | D:9      | Found a transporter.
 11494 | D:9      | Found a transporter.
 11596 | D:9      | Found Mehurgho's Magic Scroll Boutique.
 11604 | D:9      | Bought a scroll of blinking for 127 gold pieces
 11755 | Lair:1   | Entered Level 1 of the Lair of Beasts
 11840 | Lair:1   | Learned a level 4 spell: Petrify
 11861 | Lair:1   | Noticed a boulder beetle
 11888 | Lair:1   | Killed a boulder beetle
 11897 | Lair:1   | Learned a level 5 spell: Irradiate
 11945 | Lair:1   | Reached skill level 1 in Earth Magic
 13116 | Lair:2   | Found a staircase to the Snake Pit.
 13140 | Lair:2   | Reached skill level 1 in Conjurations
 13190 | Lair:2   | Noticed a five-headed hydra
 13208 | Lair:2   | Killed a five-headed hydra
 13316 | Lair:2   | Found a staircase to the Swamp.
 14235 | Lair:3   | Reached XP level 12. HP: 89/89 MP: 18/22
 14818 | Lair:3   | Identified the +1 scale mail "Zaigist" {Regen+ Str+4}
 14820 | Lair:3   | Noticed a five-headed hydra
 14849 | Lair:3   | Killed a five-headed hydra
 15022 | Lair:3   | Reached skill level 10 in Transmutations
 16993 | Lair:4   | Found a staircase to the Slime Pits.
 17282 | Lair:5   | Entered Level 5 of the Lair of Beasts
 17282 | Lair:5   | Noticed a four-headed hydra
 17376 | Lair:5   | Found a transporter.
 17376 | Lair:5   | Noticed an anaconda
 17377 | Lair:5   | Found a transporter.
 17379 | Lair:5   | Noticed Pooter's ghost (journeyman MiMo)
 17529 | Lair:5   | Reached skill level 12 in Unarmed Combat
 17552 | Lair:5   | Noticed a catoblepas
 17589 | Lair:5   | Killed a four-headed hydra
 17630 | Lair:5   | Identified the +8 quarterstaff "Mec Qun" {freeze, rC+ Str+3
                  | Dex+4}
 17688 | Lair:5   | Noticed a five-headed hydra
 17701 | Lair:5   | Killed a five-headed hydra
 17702 | Lair:5   | Reached XP level 13. HP: 94/94 MP: 16/23
 17970 | Lair:5   | Noticed Snorg
 17993 | Lair:5   | Killed Snorg
 17994 | Lair:5   | Reached skill level 13 in Unarmed Combat
 18397 | Lair:5   | Reached skill level 14 in Unarmed Combat
 19248 | Lair:5   | Reached skill level 15 in Unarmed Combat
 19603 | Orc:1    | Entered Level 1 of the Orcish Mines
 19869 | Orc:1    | Reached skill level 5 in Fighting
 20040 | Orc:1    | Found a frozen archway.
 20054 | IceCv    | Entered an ice cave
 20404 | IceCv    | Found the +4 skin of Zhor {*Englaciate rC+++ SInv}
 20484 | IceCv    | Noticed a white draconian
 20498 | IceCv    | Killed a white draconian
 20521 | IceCv    | Identified the ring of the Shining Light {rC+ Str+5 Dex+3}
 20790 | Orc:2    | Entered Level 2 of the Orcish Mines
 20863 | Orc:2    | Reached XP level 14. HP: 111/111 MP: 25/25
 21189 | Orc:2    | Noticed Urug
 21199 | Orc:2    | Killed Urug
 21499 | Orc:2    | Noticed an orc warlord
 21532 | Orc:2    | Killed an orc warlord
 21742 | Orc:2    | Found Vauptim's Distillery.
 22245 | Orc:2    | Found Uwucwish's Magic Scroll Shoppe.
 22263 | Orc:2    | Bought a scroll of summoning for 133 gold pieces
 22591 | Orc:2    | Found a staircase to the Elven Halls.
 22720 | Orc:2    | Got Kaluafue's Papyrus of Despicable Liturgies
 23189 | Orc:2    | Noticed Saint Roka
 23555 | Orc:2    | Killed Saint Roka
 23556 | Orc:2    | Reached skill level 10 in Fighting
 23952 | Orc:2    | Found Honou's Book Shoppe.
 24175 | Orc:2    | Found Leidghain's Magic Scroll Shop.
 24183 | Orc:2    | Bought a scroll of blinking for 105 gold pieces
 24867 | D:10     | Noticed Psyche
 24894 | D:10     | Killed Psyche
 25284 | D:10     | Killed Lodul
 26414 | D:12     | Upgraded the game from 0.29-a0-1023-g6ae1a4a2c7 to
                  | 0.29-a0-1027-gcd8c55af63
 26417 | D:12     | Learned a level 2 spell: Blink
 26831 | D:13     | Reached skill level 1 in Translocations
 27921 | D:13     | Found a gate to the Vaults.
 27921 | D:13     | Noticed an ironbound preserver
 27947 | D:13     | Killed an ironbound preserver
 28350 | D:14     | Reached skill level 5 in Translocations
 28572 | D:14     | Reached XP level 15. HP: 132/132 MP: 24/26
 28702 | D:14     | Reached skill level 5 in Spellcasting
 29063 | D:14     | Learned a level 4 spell: Passage of Golubria
 30228 | D:15     | Entered Level 15 of the Dungeon
 30908 | D:15     | Learned a level 5 spell: Manifold Assault
 31970 | Abyss:3  | Cast into level 3 of the Abyss (a wizard)
 31998 | Abyss:3  | Noticed a bone dragon
 32012 | Abyss:3  | Paralysed by accursed screaming for 1 turns
 32080 | Abyss:3  | Noticed a tentacled starspawn
 32109 | Abyss:3  | Killed a tentacled starspawn
 32116 | Abyss:3  | Noticed a bone dragon
 32382 | Abyss:3  | Noticed a tentacled starspawn
 32403 | Abyss:3  | Noticed a tentacled starspawn
 32410 | Abyss:3  | Killed a tentacled starspawn
 32806 | Abyss:3  | Noticed a bone dragon
 32829 | Abyss:3  | Killed a bone dragon
 32845 | Abyss:3  | Noticed a profane servitor
 32962 | D:15     | Escaped the Abyss
 33453 | D:15     | Found a staircase to the Depths.
 33462 | D:15     | Learned a level 7 spell: Storm Form
 33606 | Swamp:1  | Entered Level 1 of the Swamp
 33630 | Swamp:1  | Reached skill level 1 in Air Magic
 34684 | Swamp:1  | HP: 3/132 [will-o-the-wisp/foxfire (29)]
 35145 | Swamp:1  | Reached skill level 5 in Air Magic
 36376 | Swamp:2  | Noticed a fenstrider witch
 36452 | Swamp:2  | Reached XP level 16. HP: 139/139 MP: 32/34
 36650 | Swamp:2  | Noticed a tentacled monstrosity
 36653 | Swamp:2  | Noticed a tentacled monstrosity
 36663 | Swamp:2  | Killed a tentacled monstrosity
 37111 | Swamp:2  | Killed a tentacled monstrosity
 37505 | Swamp:3  | Noticed Nikola
 38132 | Swamp:3  | Killed from afar by Nikola

Illustrated notes

Levels and vault maps discovered:
D:1:      ldierk_walled_garden, layout_loops_corners
D:2:      layout_basic, hellmonk_ecumenical_altar_blasted, basic_altar,
          minivault_27, bh_walls_and_bars
D:3:      layout_basic, minitemple, serial_shops, shop, roderic_roman_lattice,
          uniq_ijyb, uniq_crazy_yiuf_cottage
D:4:      layout_loops_ring, old_standard_altar, serial_shops,
          nicolae_shop_hallway_plus, uniq_natasha
D:5:      layout_basic, hellmonk_ghost_happy_afterlife
D:6:      layout_rooms, minmay_temple_entry_statues_fountains,
          lightli_sewer_entry_pipes, corexii_leaking_fountain,
          nrook_loot_triangle
D:7:      layout_gridville, mainiacjoe_overflow_six_doors_small,
          okawaru_trees_2, gammafunk_ghost_nasty_kobolds, uniq_pikel
D:8:      wander_river, layout_loops_corners, kennysheep_mini,
          grunt_gozag_breadcrumbs, minivault_26, uniq_erica, uniq_prince_ribbit1
D:9:      gammafunk_the_bubble [the_bubble_gammafunk_grid], layout_small_grid,
          due_lair_maze_entry_diamond, david_orc_5, serial_shops, shop
D:10:     layout_roguey, uniq_lodul, uniq_psyche
D:11:     layout_cross
D:12:     layout_loops_cross, chequers_garden
D:13:     layout_roguey, skrybe_vaults_entry_preservation
D:14:     layout_grid_maze, nrook_mini_backslash
D:15:     hangedman_depths_entry_civil_slaughter, layout_basic,
          nicolae_qazlal_scattered_showers
Lair:1:   layout_long_grid, nicolae_quartered_pool_medium
Lair:2:   layout_hall_layers, swamp_mist_pool, guppyfry_snake_entry_island,
          chequers_serial_rivers_room_b, amcnicky_mini_pool_medium
Lair:3:   layout_layer_cave, minmay_lindwurm_lava, lemuel_fruit_fields,
          infiniplex_staircase_pool_2
Lair:4:   layout_cave_pods, dpeg_slime_entry_corner, serial_bayou_pond_a,
          st_stairs_5
Lair:5:   grunt_lair_end_beastmaster, layout_cave_pods, gammafunk_ghost_arena,
          uniq_snorg
Swamp:1:  layout_basic_swamp, nicolae_swamp_trees_clearing
Swamp:2:  layout_falls_marsh, evilmike_swamp_ruin_house_4
Swamp:3:  layout_basic_swamp, nicolae_swamp_some_circles, swamp_pool2,
          uniq_mlioglotl, uniq_nikola
Orc:1:    layout_caves, portal_ice_cave_rime
Orc:2:    pubby_orc_utopia, serial_shops, uniq_urug

Skill      XL: |  1  2  3  4  5  6  7  8  9 10 11 12 13 14 15 16 |
---------------+-------------------------------------------------+-----
Transmutations | 2 3 4 6 8 12 | 12.6
Poison Magic   | 1 |  1.3
Dodging        | 4 6 7 9 |  9.6
Unarmed Combat | 5 7 8 11 12 15 | 15.0
Fighting       | 3 6 11 | 11.7
Ice Magic      | 3 |  3.1
Spellcasting   | 4 9 |  9.9
Earth Magic    | 2 |  2.6
Conjurations   | 4 |  4.0
Translocations | 5 |  5.0
Air Magic      | 6 8 |  8.1

Action                   |  1- 3 |  4- 6 |  7- 9 | 10-12 | 13-15 | 16-18 || total
-------------------------+-------+-------+-------+-------+-------+-------++-------
Melee: Unarmed           |    95 |   124 |   439 |   576 |  1438 |   139 ||  2811
       Headbutt          |    15 |     3 |     3 |       |       |       ||    21
       Kick              |    19 |     8 |     4 |       |       |       ||    31
       Punch             |       |     1 |     3 |     1 |     6 |       ||    11
Throw: Dart              |       |     9 |       |       |       |       ||     9
 Cast: Beastly Appendage |    31 |     7 |     2 |       |       |       ||    40
       Wereblood         |     7 |     1 |    13 |    21 |    44 |     1 ||    87
       Spider Form       |       |    11 |    34 |     2 |       |       ||    47
       Ice Form          |       |       |     3 |    50 |   109 |    12 ||   174
       Petrify           |       |       |       |    26 |    34 |    10 ||    70
       Irradiate         |       |       |       |     7 |    24 |     1 ||    32
       Blink             |       |       |       |       |     5 |       ||     5
 Abil: End Transformatio |       |       |       |       |     6 |       ||     6
Evoke: Wand              |       |       |       |     3 |    16 |     4 ||    23
       Piece from Xom's  |       |       |       |     2 |       |       ||     2
       Phial of floods   |       |       |       |     1 |     1 |       ||     2
       Box of beasts     |       |       |       |       |       |     1 ||     1
       Phantom mirror    |       |       |       |       |       |     1 ||     1
  Use: Potion            |       |     2 |     3 |       |    12 |       ||    17
       Scroll            |       |       |     6 |     8 |    25 |     2 ||    41
 Stab: Sleeping          |       |     1 |     4 |       |     3 |     1 ||     9
       Paralysed         |       |       |       |     9 |       |       ||     9
       Petrified         |       |       |       |    40 |    63 |     3 ||   106
       Petrifying        |       |       |       |     3 |     6 |     4 ||    13
       Invisible         |       |       |       |       |     7 |     3 ||    10
Armor: Robe              |    10 |    13 |    30 |       |       |       ||    53
       Skin              |       |    23 |    54 |   180 |   342 |    44 ||   643
       Troll leather arm |       |       |       |     6 |     1 |       ||     7
       Animal skin       |       |       |       |       |    17 |     8 ||    25
Dodge: Dodged            |    65 |   107 |   414 |   472 |   994 |    92 ||  2144
Block: Other             |       |       |       |       |    35 |       ||    35
       Reflection        |       |       |       |       |     1 |       ||     1

Table legend: (Time is in decaauts)
 A = Elapsed time spent in this place.
 B = Non-inter-level travel time spent in this place.
 C = Inter-level travel time spent in this place.
 D = Time resting spent in this place.
 E = Time spent auto-exploring this place.
 F = Levels seen in this place.
 G = Mean time per level.
                   A        B        C        D        E       F      G
               +--------+--------+--------+--------+--------+-----+--------+
         Total |  37869 |  36672 |   1197 |   8809 |  20828 |  28 | 1352.5 |
       Dungeon |  18770 |  18116 |    654 |   4199 |  10666 |  15 | 1251.3 |
          Lair |   8073 |   7703 |    370 |   1249 |   5067 |   5 | 1614.6 |
         Swamp |   4176 |   4078 |     98 |   2128 |   1329 |   3 | 1392.0 |
  Orcish Mines |   4517 |   4443 |     74 |    384 |   3230 |   2 | 2258.5 |
         Abyss |    961 |    961 |      0 |    676 |      0 |   1 |  961.0 |
         Sewer |    761 |    761 |      0 |      0 |    385 |   1 |  761.0 |
      Ice Cave |    608 |    608 |      0 |    173 |    150 |   1 |  608.0 |
               +--------+--------+--------+--------+--------+-----+--------+

Top non-repeatable levels by time:
   Orc:2: 3782 daAuts
    D:14: 2521 daAuts
  Lair:5: 2034 daAuts
     D:8: 1884 daAuts
     D:4: 1879 daAuts
 Swamp:2: 1842 daAuts
 Swamp:1: 1815 daAuts
  Lair:4: 1808 daAuts
    D:15: 1594 daAuts
  Lair:2: 1529 daAuts
    D:13: 1500 daAuts
    D:12: 1429 daAuts
  Lair:3: 1376 daAuts
  Lair:1: 1325 daAuts
     D:9: 1124 daAuts

Table legend:
 A = Kills in this place as a percentage of kills in entire the game.
 B = Kills by you in this place as a percentage of kills by you in the entire game.
 C = Kills by friends in this place as a percentage of kills by friends in the entire game.
 D = Other kills in this place as a percentage of other kills in the entire game.
 E = Experience gained in this place as a percentage of experience gained in the entire game.
 F = Experience gained in this place divided by the number of levels of this place that you have seen.
                   A       B       C       D       E      F
               +-------+-------+-------+-------+-------+----------------------
         Total | 100.0 | 100.0 | 100.0 | 100.0 | 100.0 | 7179.8
       Dungeon |  45.3 |  45.2 | 100.0 |   0.0 |  34.2 | 4585.9
          Lair |  16.8 |  16.9 |   0.0 |   0.0 |  25.8 | 10360.8
         Swamp |   7.4 |   7.3 |   0.0 | 100.0 |  19.9 | 13364.3
  Orcish Mines |  19.8 |  19.9 |   0.0 |   0.0 |  13.0 | 13030.5
         Abyss |   2.6 |   2.6 |   0.0 |   0.0 |   5.2 | 10368.0
         Sewer |   4.7 |   4.8 |   0.0 |   0.0 |   0.1 | 195.0
      Ice Cave |   3.3 |   3.3 |   0.0 |   0.0 |   1.9 | 3725.0
               +-------+-------+-------+-------+-------+----------------------
